 Dungeon Crawl Stone Soup version 0.31.0-32-g396128a36d (webtiles) character file.

Game seed: 11645970763566150749

1682 H0rd4k the Martial Artist (level 9, -19/58 HPs)
             Began as an Octopode Artificer on Mar 27, 2024.
             Was an Initiate of Gozag.
             Demolished by a boulder beetle (24 damage)
             ... on level 9 of the Dungeon.
             The game lasted 00:05:45 (5985 turns).

H0rd4k the Martial Artist (Octopode Artificer)      Turns: 5985, Time: 00:05:45

Health: -19/58     AC:  3    Str: 12    XL:     9   Next: 2%
Magic:  9/9        EV: 13    Int: 17    God:    Gozag
Gold:   541        SH:  0    Dex: 12    Spells: 8/8 levels left

rFire   . .          .
                       - Unarmed
rCold   . . .        (no shield)
rNeg    . . .        u - +2 hat
rPois   .            (no amulet)
rElec   .            y - ring of see invisible
rCorr   .            (no ring)
SInv    +            (no ring)
Will    .....        (no ring)
Stlth   +++          (no ring)
HPRegen 0.29/turn    (no ring)
MPRegen 0.11/turn    (no ring)
                     (no ring)

%: no passive effects
@: weak-willed
A: almost no armour, amphibious, 8 rings, camouflage 1, gelatinous body 1,
(nimble swimmer 1), tentacles
a: Renounce Religion, Potion Petition, Call Merchant, Bribe Branch


You were on level 9 of the Dungeon.
You worshipped Gozag.
Gozag was pleased with you.
You visited 2 branches of the dungeon, and saw 9 of its levels.

You collected 603 gold pieces.
You paid 62 gold pieces to Gozag.

Inventory:

Missiles
 f - 3 poisoned darts
 n - a throwing net
 p - 10 atropa-tipped darts
 D - a curare-tipped dart
Armour
 g - the +1 hat "Nuge" {rElec MP+9 Int-2 Dex+6}
   (You acquired it on level 9 of the Dungeon)

   Int-2:     It affects your intelligence (-2).
   Dex+6:     It affects your dexterity (+6).
   rElec:     It insulates you from electricity.
   MP+9:      It affects your magic capacity (+9).
 u - a +2 hat (worn)
Jewellery
 y - a ring of see invisible (left tentacle)
Talismans
 h - a maw talisman
Wands
 b - a wand of flame (21) (quivered)
 d - a wand of iceblast (13)
 o - a wand of paralysis (5)
Scrolls
 e - 3 scrolls of fear
 i - 2 scrolls of fog
 l - 2 scrolls of amnesia
 m - 5 scrolls of identify
 q - a scroll of enchant armour
 r - 2 scrolls of poison {unknown}
 t - a scroll of noise {unknown}
 x - a scroll of teleportation {unknown}
Potions
 a - 2 potions of brilliance
 j - a potion of degeneration
 v - a potion of attraction {unknown}
 z - a potion of magic {unknown}
 A - 2 potions of heal wounds {unknown}
 B - a potion of berserk rage {unknown}
 C - a potion of curing


   Skills:
 + Level 3.9 Fighting
 - Level 2.3 Dodging
 - Level 1.3 Stealth
 + Level 10.4 Unarmed Combat
 - Level 3.2 Evocations


You had 8 spell levels left.
You didn't know any spells.
Your spell library contained the following spells:

 Spells                   Type           Power      Damage    Failure   Level
 Apportation              Tloc           0%         N/A       24%         1
 Necrotise                Necr           0%         1d4       24%         1
 Sandblast                Erth           0%         2d4       24%         1
 Sting                    Conj/Alch      0%         1d3       24%         1
 Summon Small Mammal      Summ           0%         N/A       24%         1
 Ensorcelled Hibernation  Hex/Ice        0%         N/A       34%         2
 Passwall                 Erth           0%         N/A       56%         3
 Stone Arrow              Conj/Erth      0%         3d7       56%         3
 Swiftness                Air            0%         N/A       56%         3
 Brom's Barrelling Bould  Conj/Erth      0%         2d3       93%         4
 Leda's Liquefaction      Alch/Erth      0%         N/A       93%         4
 Lee's Rapid Deconstruct  Erth           0%         3d4*      100%        5
 Bombard                  Conj/Erth      0%         9d1       100%        6
 Haunt                    Necr/Summ      0%         N/A       100%        7
 Infestation              Necr           0%         N/A       100%        8
 Animate Dead             Necr           Unusable   N/A       N/A         4

Dungeon Overview and Level Annotations

Branches:
Dungeon (9/15)             Temple (1/1) D:4
   Lair: D:8-11         Orc: D:9-12

Altars:
Cheibriados
Dithmenos
Elyvilon
Fedhas
Gozag
Hepliaklqana
Kikubaaqudgha
Makhleb
Nemelex Xobeh
Okawaru
Qazlal
Ru
Sif Muna
Trog
Uskayaw
Wu Jian
Yredelemnul
Zin
The Shining One

Annotations:
D:6 exclusion: sky beast
D:9 exclusion: yak


Innate Abilities, Weirdness & Mutations

You cannot wear most types of armour.
You are amphibious.
You can wear up to eight rings at the same time.
Your skin changes colour to match your surroundings (Stealth+).
Your rubbery body absorbs attacks. (AC +1, EV +1)
((You are camouflaged when in or above water. (Stealth+)))
You have tentacles for arms and can constrict up to eight enemies at once.


Message History

It is a scroll of brand weapon.
You aren't carrying any weapons that can be branded.
Something bites your killer bee!
Your killer bee dies!
As you read the scroll labelled ERRUCA GUAWYID, it crumbles to dust.
A wave of despondency washes over your surroundings.
It was a scroll of vulnerability.
Unknown command.
This is a scroll of acquirement!
Something appears before you!
Unknown command.
g - the +1 hat "Nuge" {rElec MP+9 Int-2 Dex+6} The boulder beetle bites you.
Aiming: Charm
Press: ? - help, Shift-Dir - straight line, f - boulder beetle
Aim: a boulder beetle (chance to affect: 39%)
The boulder beetle resists with some effort.
The boulder beetle closely misses you.
Unknown command.
Aiming: Charm
Press: ? - help, Shift-Dir - straight line, f/p - boulder beetle
Aim: a boulder beetle (chance to affect: 39%)
The boulder beetle resists with some effort.
The boulder beetle bites you!!
* * * LOW HITPOINT WARNING * * *
Unknown command.
Aiming: Charm
Press: ? - help, Shift-Dir - straight line, f/p - boulder beetle
Aim: a boulder beetle (chance to affect: 39%)
The boulder beetle resists with some effort.
The now-empty wand crumbles to dust.
The boulder beetle completely misses you.
Unknown command.
Aiming: Paralyse
Press: ? - help, Shift-Dir - straight line, f/p - boulder beetle
Aim: a boulder beetle (chance to affect: 39%)
The boulder beetle resists with some effort.
The boulder beetle bites you!!
You die...
Your body crumbles into a pile of gold.

... #... ...
#... ... ####
#.# #### ###
..y..##$##.....
###..
.......⌠.......
#.Y.# #$# #C###
##B## #.# #@..#
###.# #...#
#...# #...#
##.### #...#
#..# #...# #.##
#...# ####.#
#...# ##....#
#'''###..####
#.......##


You could see a boulder beetle.

Vanquished Creatures
  2 water moccasins (D:6)
  An orc warrior (D:5)
  An ice beast (D:6)
  A centaur (D:5)
  An ogre (D:6)
  A phantom (D:5)
  A kobold brigand (D:9)
  A scorpion (D:3)
  3 killer bees
  A howler monkey (D:6)
  A jelly (D:6)
  3 hounds (D:6)
  2 bombardier beetles
  A sleepcap (D:6)
  6 iguanas
  A mummy (D:6)
  3 gnolls (D:5)
  6 adders
  2 white imps
  2 ufetubi (D:7)
  4 dart slugs
  2 ribbon worms (D:3)
  4 orcs
  9 endoplasms
  6 giant cockroaches
  6 goblins
  11 hobgoblins
  7 jackals
  6 kobolds
  A quokka (D:3)
  5 ball pythons
  4 bats
  2 frilled lizards (D:3)
  2 hobgoblin zombies (D:6)
  2 kobold zombies (D:6)
  5 rats
116 creatures vanquished.

Vanquished Creatures (collateral kills)
  A yak (D:9)
  A killer bee (D:9)
  3 orcs (D:5)
5 creatures vanquished.

Vanquished Creatures (others)
  A centaur (D:5)
  2 killer bees (D:9)
3 creatures vanquished.

Grand Total: 124 creatures vanquished

Notes
Turn   | Place    | Note
-------+----------+-------------------------------------------
     0 | D:1      | H0rd4k the Octopode Artificer began the quest for the Orb.
     0 | D:1      | Reached XP level 1. HP: 13/13 MP: 1/1
    34 | D:1      | Reached skill level 1 in Unarmed Combat
   134 | D:1      | Reached XP level 2. HP: 18/18 MP: 2/2
   395 | D:1      | Reached skill level 2 in Unarmed Combat
   493 | D:1      | Reached XP level 3. HP: 21/23 MP: 3/3
  1275 | D:2      | Found a sparkling altar of Nemelex Xobeh.
  1283 | D:2      | Reached skill level 3 in Unarmed Combat
  1283 | D:2      | Reached XP level 4. HP: 26/29 MP: 4/4
  2066 | D:3      | Noticed a scorpion
  2072 | D:3      | Killed a scorpion
  2073 | D:3      | Reached skill level 4 in Unarmed Combat
  2073 | D:3      | Reached XP level 5. HP: 35/35 MP: 5/5
  3133 | D:4      | Found a staircase to the Ecumenical Temple.
  3141 | Temple   | Found a transporter.
  3141 | Temple   | Found a transporter.
  3141 | Temple   | Found a transporter.
  3141 | Temple   | Found a transporter.
  3141 | Temple   | Entered the Ecumenical Temple
  3154 | Temple   | Became a worshipper of Gozag Ym Sagoz the Greedy
  3256 | D:5      | Entered Level 5 of the Dungeon
  3264 | D:5      | Noticed a centaur
  3288 | D:5      | Killed a centaur
  3289 | D:5      | Reached skill level 5 in Unarmed Combat
  3289 | D:5      | Reached XP level 6. HP: 14/41 MP: 6/6
  3724 | D:5      | Reached skill level 6 in Unarmed Combat
  3806 | D:5      | Found an iron altar of Okawaru.
  3836 | D:5      | Noticed an orc warrior
  4014 | D:5      | Identified the +0 ring mail of Tulips {rC- Will- Int+7}
  4208 | D:5      | Killed an orc warrior
  4209 | D:5      | Reached XP level 7. HP: 46/46 MP: 7/7
  4339 | D:6      | Reached skill level 7 in Unarmed Combat
  4927 | D:6      | Reached skill level 8 in Unarmed Combat
  4927 | D:6      | Reached XP level 8. HP: 52/52 MP: 8/8
  5562 | D:6      | Reached skill level 9 in Unarmed Combat
  5868 | D:7      | You fall into a shaft and drop 2 floors!
  5869 | D:9      | Noticed a yak
  5932 | D:9      | Noticed a cyclops
  5946 | D:9      | Killed a yak
  5947 | D:9      | Reached skill level 10 in Unarmed Combat
  5962 | D:9      | Noticed a boulder beetle
  5978 | D:9      | Reached XP level 9. HP: 29/58 MP: 9/9
  5980 | D:9      | Identified a scroll of acquirement
  5980 | D:9      | Acquired the +1 hat "Nuge" {rElec MP+9 Int-2 Dex+6}
  5985 | D:9      | Demolished by a boulder beetle

Illustrated notes

Levels and vault maps discovered:
D:1:      amcnicky_arrival_feature_with_door, layout_basic
D:2:      layout_basic, basic_altar, minmay_tripent
D:3:      layout_basic, minmay_misc_feat_pillars
D:4:      layout_basic, minmay_temple_entry_fiery, glass_columns_a
D:5:      layout_basic, okawaru_trees_1
D:6:      layout_gridville, minmay_mini_ossuary
D:7:      cheibrodos_barr_body, layout_gridville, grunt_nemelex_the_gamble,
          uniq_duvessa, uniq_menkaure, uniq_crazy_yiuf_cottage
D:9:      minmay_polygon_palace, layout_basic,
          gammafunk_ghost_berserking_beasts, kennysheep_cross_bottleneck
Temple:   hellmonk_temple_divided_pantheon

Skill      XL: |  1  2  3  4  5  6  7  8 |
---------------+-------------------------+-----
Unarmed Combat | 1 2 3 4 5 6 8 10 | 10.4
Fighting       | 2 3 |  3.9
Dodging        | |  2.3
Stealth        | |  1.3
Evocations     | |  3.2

Action                     |  1- 3 |  4- 6 |  7- 9 || total
---------------------------+-------+-------+-------++-------
  Melee: Unarmed           |    94 |   113 |   110 ||   317
         Constrict         |    24 |    29 |    21 ||    74
         Tentacles         |    18 |    22 |    24 ||    64
         Punch             |     2 |     7 |     6 ||    15
  Evoke: Wand              |       |    12 |    20 ||    32
    Use: Potion            |       |     7 |       ||     7
         Scroll            |       |       |     8 ||     8
   Stab: Sleeping          |     4 |     9 |     1 ||    14
         Paralysed         |       |     6 |       ||     6
         Distracted        |       |       |     1 ||     1
 Armour: Skin              |    34 |    31 |    55 ||   120
  Dodge: Dodged            |    41 |    53 |    69 ||   163
